 Dungeon Crawl Stone Soup version 0.22-a0-274-gf8199ec (webtiles) character file.

4405 wvc the Nimble (level 10, -2/82 HPs)
             Began as a Gnoll Monk on Mar 14, 2018.
             Was a Follower of Qazlal.
             Slain by a two-headed ogre
             ... wielding a +0 giant spiked club
              (4 damage)
             ... on level 8 of the Dungeon.
             The game lasted 00:27:01 (11391 turns).

wvc the Nimble (Gnoll Monk)                        Turns: 11391, Time: 00:27:01

Health: -2/82      AC:  8    Str: 16    XL:     10   Next: 35%
Magic:  17/17      EV: 17    Int: 15    God:    Qazlal [*.....]
Gold:   244        SH:  7    Dex: 18    Spells: 19/19 levels left

rFire    . . .     SeeInvis +   x - +0 falchion (slice)
rCold    . . .     Gourm    .   j - +0 buckler
rNeg     . . .     Faith    .   o - +0 ring mail
rPois    .         Spirit   .   (no helmet)
rElec    .         Reflect  .   A - +0 cloak
rCorr    .         Harm     .   t - +0 pair of gloves
MR       .....                  (no boots)
Stlth    +++.......             (no amulet)
HPRegen  0.23/turn              (no ring)
MPRegen  0.15/turn              (no ring)

@: no status effects
A: distributed training, claws 1, fangs 1, see invisible, clever 1, strong nose
a: Renounce Religion


You were on level 8 of the Dungeon.
You worshipped Qazlal.
Qazlal was aware of your devotion.
You were not hungry.

You visited 2 branches of the dungeon, and saw 9 of its levels.

You collected 244 gold pieces.

Inventory:

Hand Weapons
 a - a +0 falchion
 b - a +0 dagger of venom
 w - a +1 dagger of electrocution
 x - a +0 falchion of slicing (weapon)
 y - a +0 rapier
 C - a +2 dagger of holy wrath
 E - a +1 quarterstaff of speed
Missiles
 g - 39 sling bullets
 m - 48 poisoned needles
 p - 3 needles of sleeping
Armour
 j - a +0 buckler (worn)
 k - a +0 large shield
 o - a +0 ring mail (worn)
 t - a +0 pair of gloves (worn)
 A - a +0 cloak (worn)
Wands
 h - a wand of flame (42)
Scrolls
 d - a scroll of amnesia
 l - a scroll of magic mapping
 n - 4 scrolls of remove curse
 G - a scroll of fog {unknown}
Potions
 e - 2 potions of brilliance
 i - a potion of flight
 q - 3 potions of lignification
 u - 2 potions of ambrosia
 v - a potion of haste
 z - a potion of cancellation {unknown}
 D - 2 potions of berserk rage
Comestibles
 c - 5 rations


   Skills:
 + Level 8.4 Fighting
 + Level 5.1 Short Blades
 + Level 8.4 Long Blades
 + Level 5.1 Axes
 + Level 5.1 Maces & Flails
 + Level 5.1 Polearms
 + Level 5.1 Staves
 + Level 5.1 Slings
 + Level 5.1 Bows
 + Level 5.1 Crossbows
 + Level 5.1 Throwing
 + Level 5.1 Armour
 + Level 8.4 Dodging
 + Level 6.7 Stealth
 + Level 5.1 Shields
 + Level 5.1 Unarmed Combat
 + Level 5.1 Spellcasting
 + Level 4.2 Conjurations
 + Level 4.2 Hexes
 + Level 4.2 Charms
 + Level 4.2 Summonings
 + Level 4.2 Necromancy
 + Level 4.2 Translocations
 + Level 4.2 Transmutations
 + Level 4.2 Fire Magic
 + Level 4.2 Ice Magic
 + Level 4.2 Air Magic
 + Level 4.2 Earth Magic
 + Level 4.2 Poison Magic
 + Level 5.6 Invocations
 + Level 5.1 Evocations


You had 19 spell levels left.
You didn't know any spells.

Dungeon Overview and Level Annotations

Branches:
Dungeon (8/15)             Temple (1/1) D:6
   Lair: D:8-11

Altars:
Ashenzari
Cheibriados
Dithmenos
Elyvilon
Fedhas
Gozag
Hepliaklqana
Nemelex Xobeh
Okawaru
Qazlal
Ru
Trog
Vehumet
Wu Jian
Xom
Yredelemnul
Zin
The Shining One

Shops:
D:5 *

Annotations:
D:2 Sigmund


Innate Abilities, Weirdness & Mutations

Your experience applies equally to all skills.
You have very sharp teeth.
Your uncanny sense of smell can sniff out nearby items.
You have sharp fingernails.
You have supernaturally acute eyesight. (SInv)
Your mind is acute. (Int +2)


Message History

The two-headed ogre is heavily wounded.
You barely miss the two-headed ogre.
The two-headed ogre is heavily wounded.
The two-headed ogre barely misses you.
You riposte.
You hit the two-headed ogre but do no damage.
The two-headed ogre is heavily wounded.
The two-headed ogre barely misses you.
You hit the two-headed ogre. You bite the two-headed ogre.
The two-headed ogre is heavily wounded.
You barely miss the two-headed ogre.
You bite the two-headed ogre, but do no damage.
The two-headed ogre is heavily wounded.
The two-headed ogre hits you with a giant spiked club!!
The two-headed ogre hits you with a giant spiked club!
You hit the two-headed ogre but do no damage.
The two-headed ogre is heavily wounded.
The two-headed ogre hits you with a giant spiked club!!
* * * LOW HITPOINT WARNING * * *
The two-headed ogre hits you with a giant spiked club.
You die...

###......
.....
.... ....
.....
#........
#... #..
... ### ∆
#[....
#.#.####.
#........
#O# #@#
###


You could see a two-headed ogre (invisible).

Vanquished Creatures
  Pikel (D:5)
  A hippogriff (D:8)
  Grinder (D:5)
  Eustachio (D:5)
  Menkaure (D:5)
  2 ice beasts (D:5)
  3 sky beasts
  2 slaves (D:5)
  2 black bears
  2 orc warriors (D:6)
  A necrophage (D:8)
  2 centaurs
  2 ogres
  Blork the orc (D:4)
  2 big kobolds (D:7)
  6 bullfrogs
  A wyvern zombie (D:6)
  4 scorpions
  3 killer bees (D:7)
  2 crimson imps (D:8)
  A bullfrog zombie (D:4)
  A quasit (D:5)
  A hound (D:4)
  An orc priest (D:4)
  An iron imp (D:6)
  14 orc wizards
  2 centaur skeletons
  2 iguanas
  4 worker ants
  A hound zombie (D:6)
  A hound skeleton (D:4)
  A mummy (D:4)
  A worker ant zombie (D:8)
  5 adders
  7 gnolls
  2 shadow imps
  An ooze (D:6)
  An adder skeleton (D:8)
  4 worms
  4 dart slugs
  2 leopard geckos
  40 orcs
  2 ball pythons
  4 bats
  9 giant cockroaches
  8 goblins
  5 hobgoblins
  8 jackals
  14 kobolds
  A quokka (D:4)
  4 frilled lizards
  2 hobgoblin zombies (D:4)
  2 kobold zombies (D:4)
  A leopard gecko skeleton (D:5)
  A leopard gecko zombie (D:5)
198 creatures vanquished.

Vanquished Creatures (others)
  An orc wizard (D:6)
  An orc (D:6)
  A quokka (D:8)
3 creatures vanquished.

Grand Total: 201 creatures vanquished

Notes
Turn   | Place    | Note
-------+----------+-------------------------------------------
     0 | D:1      | wvc the Gnoll Monk began the quest for the Orb.
     0 | D:1      | Reached XP level 1. HP: 23/23 MP: 1/1
    52 | D:1      | Reached XP level 2. HP: 26/29 MP: 2/2
   400 | D:2      | Reached XP level 3. HP: 25/35 MP: 3/3
   404 | D:2      | Reached skill level 1 in Invocations
   410 | D:1      | Reached skill level 1 in Short Blades
   410 | D:1      | Reached skill level 1 in Axes
   410 | D:1      | Reached skill level 1 in Maces & Flails
   410 | D:1      | Reached skill level 1 in Polearms
   410 | D:1      | Reached skill level 1 in Staves
   410 | D:1      | Reached skill level 1 in Slings
   410 | D:1      | Reached skill level 1 in Bows
   410 | D:1      | Reached skill level 1 in Crossbows
   410 | D:1      | Reached skill level 1 in Throwing
   410 | D:1      | Reached skill level 1 in Armour
   410 | D:1      | Reached skill level 1 in Shields
   410 | D:1      | Reached skill level 1 in Unarmed Combat
   410 | D:1      | Reached skill level 1 in Spellcasting
   410 | D:1      | Reached skill level 1 in Evocations
   410 | D:1      | Reached XP level 4. HP: 11/41 MP: 3/5
  1377 | D:2      | Noticed Sigmund
  1814 | D:3      | Reached skill level 1 in Conjurations
  1814 | D:3      | Reached skill level 1 in Hexes
  1814 | D:3      | Reached skill level 1 in Charms
  1814 | D:3      | Reached skill level 1 in Summonings
  1814 | D:3      | Reached skill level 1 in Necromancy
  1814 | D:3      | Reached skill level 1 in Translocations
  1814 | D:3      | Reached skill level 1 in Transmutations
  1814 | D:3      | Reached skill level 1 in Fire Magic
  1814 | D:3      | Reached skill level 1 in Ice Magic
  1814 | D:3      | Reached skill level 1 in Air Magic
  1814 | D:3      | Reached skill level 1 in Earth Magic
  1814 | D:3      | Reached skill level 1 in Poison Magic
  1851 | D:3      | Reached XP level 5. HP: 42/47 MP: 6/6
  2045 | D:3      | Found a sacrificial altar of Ru.
  2061 | D:3      | Became a worshipper of Ru the Awakened
  2221 | D:3      | Found a sparkling altar of Nemelex Xobeh.
  2532 | D:4      | Noticed Blork the orc
  2552 | D:4      | Killed Blork the orc
  2552 | D:4      | Reached XP level 6. HP: 29/53 MP: 8/8
  3295 | D:3      | Reached XP level 7. HP: 50/59 MP: 10/10
  3497 | D:4      | Found a radiant altar of Vehumet.
  4873 | D:5      | Entered Level 5 of the Dungeon
  4893 | D:5      | Noticed Grinder
  4899 | D:5      | Paralysed by Grinder for 4 turns
  4908 | D:5      | Killed Grinder
  4908 | D:5      | Reached skill level 5 in Stealth
  4908 | D:5      | Reached XP level 8. HP: 23/67 MP: 10/12
  5182 | D:5      | Found Sooga's Elemental Accessories.
  5189 | D:5      | Fell from the grace of Ru
  6712 | D:5      | Noticed Eustachio
  6714 | D:5      | Killed Eustachio
  6999 | D:6      | Noticed Menkaure
  7350 | D:5      | Killed Menkaure
  7350 | D:5      | Reached XP level 9. HP: 10/72 MP: 14/14
  7768 | D:6      | Found a snail-covered altar of Cheibriados.
  8261 | D:6      | Noticed Pikel
  8581 | D:5      | Gained mutation: You tend to lose your temper in combat. [potion of mutation]
  8581 | D:5      | Gained mutation: You have sharp fingernails. [potion of mutation]
  8581 | D:5      | Gained mutation: You are partially covered in iridescent scales. (AC +2) [potion of mutation]
  8590 | D:5      | Killed Pikel
  8744 | D:6      | Found a staircase to the Ecumenical Temple.
  8817 | Temple   | Entered the Ecumenical Temple
  8884 | Temple   | Became a worshipper of Qazlal Stormbringer
  8944 | D:6      | Reached skill level 5 in Invocations
  9153 | D:6      | Found a shadowy altar of Dithmenos.
  9432 | D:6      | Found an ornate altar of the Wu Jian Council.
  9945 | D:7      | Reached XP level 10. HP: 74/80 MP: 17/17
  9990 | D:7      | Found a bloodstained altar of Trog.
 10205 | D:7      | Reached * piety under Qazlal
 10326 | D:7      | Found a basalt altar of Yredelemnul.
 10558 | D:7      | Found an iron altar of Okawaru.
 10677 | D:8      | Reached skill level 5 in Short Blades
 10677 | D:8      | Reached skill level 5 in Axes
 10677 | D:8      | Reached skill level 5 in Maces & Flails
 10677 | D:8      | Reached skill level 5 in Polearms
 10677 | D:8      | Reached skill level 5 in Staves
 10677 | D:8      | Reached skill level 5 in Slings
 10677 | D:8      | Reached skill level 5 in Bows
 10677 | D:8      | Reached skill level 5 in Crossbows
 10677 | D:8      | Reached skill level 5 in Throwing
 10677 | D:8      | Reached skill level 5 in Armour
 10677 | D:8      | Reached skill level 5 in Shields
 10677 | D:8      | Reached skill level 5 in Unarmed Combat
 10677 | D:8      | Reached skill level 5 in Spellcasting
 10677 | D:8      | Reached skill level 5 in Evocations
 10870 | D:8      | Noticed an ogre mage
 11034 | D:8      | Lost mutation: You tend to lose your temper in combat. [potion of mutation]
 11034 | D:8      | Lost mutation: You are partially covered in iridescent scales. (AC +2) [potion of mutation]
 11034 | D:8      | Gained mutation: Your mind is acute. (Int +2) [potion of mutation]
 11034 | D:8      | Gained mutation: You have supernaturally acute eyesight. (SInv) [potion of mutation]
 11333 | D:8      | Noticed a two-headed ogre
 11391 | D:8      | HP: 2/82 [two-headed ogre/giant spiked club (24)]
 11391 | D:8      | Slain by a two-headed ogre

Vault maps used:
D:1:      lemuel_arrival_tunnels, corexii_item_surrounded_by_moat
D:2:      overflow_temple_1_default, uniq_sigmund
D:3:      hangedman_ru_absence, nemelex_xobeh_ov_fountains_minmay, first_ration
D:4:      vehumet_altar_wand_db, minmay_mini_ossuary, uniq_blork_the_orc
D:5:      nicolae_elemental_shop, uniq_grinder, uniq_eustachio
D:6:      kennysheep_mini, lemuel_round_altar, slow_altar_2,
          minmay_temple_entry_large_hall, uniq_menkaure, uniq_pikel
D:7:      yredelemnul_altar_generic, bloody_trog, lemuel_doored_altar
D:8:      minmay_opposing_rooms, lemuel_round_altar
Temple:   jpeg_temple_island

Skill      XL: |  1  2  3  4  5  6  7  8  9 10 |
---------------+-------------------------------+-----
Invocations    | 1 2 3 4 5 |  5.6
Short Blades   | 1 2 3 4 5 |  5.1
Axes           | 1 2 3 4 5 |  5.1
Maces & Flails | 1 2 3 4 5 |  5.1
Polearms       | 1 2 3 4 5 |  5.1
Staves         | 1 2 3 4 5 |  5.1
Slings         | 1 2 3 4 5 |  5.1
Bows           | 1 2 3 4 5 |  5.1
Crossbows      | 1 2 3 4 5 |  5.1
Throwing       | 1 2 3 4 5 |  5.1
Armour         | 1 2 3 4 5 |  5.1
Shields        | 1 2 3 4 5 |  5.1
Unarmed Combat | 1 2 3 4 5 |  5.1
Spellcasting   | 1 2 3 4 5 |  5.1
Evocations     | 1 2 3 4 5 |  5.1
Conjurations   | 1 2 3 4 |  4.2
Hexes          | 1 2 3 4 |  4.2
Charms         | 1 2 3 4 |  4.2
Summonings     | 1 2 3 4 |  4.2
Necromancy     | 1 2 3 4 |  4.2
Translocations | 1 2 3 4 |  4.2
Transmutations | 1 2 3 4 |  4.2
Fire Magic     | 1 2 3 4 |  4.2
Ice Magic      | 1 2 3 4 |  4.2
Air Magic      | 1 2 3 4 |  4.2
Earth Magic    | 1 2 3 4 |  4.2
Poison Magic   | 1 2 3 4 |  4.2
Fighting       | 7 8 |  8.4
Long Blades    | 7 8 |  8.4
Dodging        | 7 8 |  8.4
Stealth        | 5 6 |  6.7

Action                   |  1- 3 |  4- 6 |  7- 9 | 10-12 || total
-------------------------+-------+-------+-------+-------++-------
Melee: Falchion          |    46 |   248 |   259 |    70 ||   623
       Bite              |     8 |    29 |    76 |    37 ||   150
       Punch             |       |     1 |    12 |       ||    13
       Dagger            |       |       |   261 |       ||   261
       Quarterstaff      |       |       |       |    89 ||    89
Throw: Tomahawk          |       |     2 |       |       ||     2
Invok: Renounce Religion |       |       |     1 |       ||     1
Evoke: Wand              |       |       |    11 |     9 ||    20
  Use: Potion            |     1 |     4 |     6 |     4 ||    15
       Scroll            |       |     7 |     7 |     5 ||    19
 Stab: Sleeping          |     3 |     6 |     8 |     2 ||    19
       Invisible         |       |     2 |     1 |       ||     3
       Confused          |       |       |     1 |       ||     1
  Eat: Chunk             |       |     5 |     5 |     1 ||    11
       Ration            |       |     1 |     5 |     1 ||     7
Armor: Robe              |     2 |    10 |       |       ||    12
       Chain mail        |       |    79 |       |       ||    79
       Leather armour    |       |     3 |       |       ||     3
       Ring mail         |       |     7 |   107 |    33 ||   147
       Skin              |       |       |     2 |       ||     2
Dodge: Dodged            |    38 |   111 |   343 |   133 ||   625
Block: Large shield      |       |    13 |    23 |       ||    36
       Buckler           |       |       |       |     8 ||     8
       Other             |       |       |       |     4 ||     4
       Rpst.: Falchion   |    16 |    31 |    59 |    16 ||   122

Table legend:
 A = Spawn XP
 B = Non-spawn XP
 C = Spawn XP percentage of total XP
 D = Spawn monster count
 E = Non-spawn monster count
 F = Spawn count percentage of total count
 G = Total turns spent on level
                    A         B        C        D         E        F      G
               +---------+---------+-------+---------+---------+-------+---------
         Total |       0 |    6293 |   0.0 |       0 |     196 |   0.0 | 11391
               +---------+---------+-------+---------+---------+-------+---------
           D:1 |       0 |      55 |   0.0 |       0 |      23 |   0.0 |  1028
           D:2 |       0 |      60 |   0.0 |       0 |       9 |   0.0 |   372
           D:3 |       0 |     198 |   0.0 |       0 |      30 |   0.0 |  1304
           D:4 |       0 |     586 |   0.0 |       0 |      30 |   0.0 |  2363
           D:5 |       0 |    2413 |   0.0 |       0 |      38 |   0.0 |  3114
           D:6 |       0 |     871 |   0.0 |       0 |      25 |   0.0 |  1315
           D:7 |       0 |    1045 |   0.0 |       0 |      25 |   0.0 |  1037
           D:8 |       0 |    1065 |   0.0 |       0 |      16 |   0.0 |   778
               +---------+---------+-------+---------+---------+-------+---------
